 Dungeon Crawl Stone Soup version 0.28.0-53-g5a82cb258f (webtiles) character file.

Game seed: 14916925785535286458

403 Descartes the Cutter (level 6, -1/32 HPs)
             Began as a Vine Stalker Monk on May 21, 2022.
             Was a Priest of Wu Jian.
             Slain by a scorpion (2 damage)
             ... on level 4 of the Dungeon.
             The game lasted 00:06:51 (3398 turns).

Descartes the Cutter (Vine Stalker Monk)            Turns: 3398, Time: 00:06:51

Health: -1/32      AC:  9    Str: 16    XL:     6   Next: 86%
Magic:  0/7        EV: 13    Int: 10    God:    Wu Jian [***...]
Gold:   165        SH:  0    Dex: 16    Spells: 5/5 levels left

rFire   . . .      SeeInvis .   i - +2 rapier (freeze)
rCold   + . .      Faith    .   (no shield)
rNeg    . . .      Spirit   +   t - +2 robe {Will+}
rPois   .          Reflect  .   q - +0 helmet
rElec   .          Harm     .   w - +2 cloak
rCorr   .          Rampage  .   h - +0 pair of gloves
Will    +....                   (no boots)
Stlth   +++.......              (no amulet)
HPRegen 0.90/turn               m - ring of protection from cold
MPRegen 0.10/turn               (no ring)

@: lethally poisoned (-1 -> -2)
A: fangs 2, regeneration 1, magic shield, antimagic bite, no potion heal 2
a: Renounce Religion, Wall Jump, Serpent's Lash


You were on level 4 of the Dungeon.
You worshipped Wu Jian.
Wu Jian was most pleased with you.
You visited 1 branch of the dungeon, and saw 5 of its levels.

You collected 165 gold pieces.

Inventory:

Hand Weapons
 a - a +0 short sword
 i - a +2 rapier of freezing (weapon)
Missiles
 c - 122 stones (quivered)
 e - 11 poisoned darts
 n - 31 sling bullets
 r - 5 boomerangs
 s - 19 arrows
Armour
 h - a +0 pair of gloves (worn)
 q - a +0 helmet (worn)
 t - a +2 robe of willpower (worn)
 w - a +2 cloak (worn)
Jewellery
 b - a +6 ring of intelligence
 m - a ring of protection from cold (left hand)
Scrolls
 g - 2 scrolls of teleportation {unknown}
 j - 2 scrolls of enchant armour {unknown}
 k - 2 scrolls of identify {unknown}
 l - a scroll of immolation {unknown}
 p - a scroll of blinking {unknown}
Potions
 d - a potion of flight {unknown}
 f - 2 potions of cancellation
 o - a potion of attraction {unknown}
 u - a potion of ambrosia {unknown}
 v - a potion of heal wounds {unknown}


   Skills:
 + Level 3.2 Fighting
 + Level 5.4 Short Blades
 + Level 3.0 Dodging
 - Level 5.0 Stealth


You had 5 spell levels left.
You didn't know any spells.
Your spell library contained the following spells:

 Spells                   Type           Power      Damage    Failure   Level
 Beastly Appendage        Tmut           0%         N/A       36%         1
 Wereblood                Tmut           0%         N/A       50%         2
 Spider Form              Tmut/Pois      0%         N/A       75%         3


Dungeon Overview and Level Annotations

Branches:
Dungeon (5/15)
 Temple: D:4-7

Altars:
Dithmenos
Nemelex Xobeh
Sif Muna
Uskayaw
Wu Jian

Shops:
D:3 (

Annotations:
D:5 Dowan


Innate Abilities, Weirdness & Mutations

You have extremely sharp teeth.
Your natural rate of healing is unusually fast.
When hurt, damage is shared between your health and your magic reserves.
Your bite disrupts and absorbs the magic of your enemies.
Potions cannot restore your health.


Message History

You feel sick.
Dowan casts a spell at something.
The iguana bites you!
You hear a shout!
You lunge at the hound skeleton.
You puncture the hound skeleton!
The hound skeleton is severely damaged.
You spin and attack the iguana.
You hit the iguana. You freeze the iguana.
The iguana is lightly wounded.
You feel sick. The hound skeleton closely misses you.
Dowan gestures wildly while chanting.
Dowan blinks!
The iguana barely misses you.
There is a stone staircase leading up here.
You feel sick. The scorpion stings you.
You are more poisoned.
The scorpion poisons you! The howler monkey hits you.
* * * LOW HITPOINT WARNING * * *
The hound skeleton barely misses you. The iguana bites you.
* * * LOW HITPOINT WARNING * * *
The scorpion closely misses you.
The howler monkey hoots and howls with incredible vigour!
You hear an angry hiss.
You hear a shout!
You hear a bark!
You climb upwards.
You feel very sick.
There is a stone staircase leading down here.
You spin and attack the iguana.
You hit the iguana but do no damage.
The iguana is lightly wounded.
You spin and attack the scorpion.
You hit the scorpion. You freeze the scorpion.
The scorpion is heavily wounded.
You feel sick.
The iguana hisses menacingly.
The iguana bites you.
* * * LOW HITPOINT WARNING * * *
The scorpion closely misses you.
* * * LOW HITPOINT WARNING * * *
You feel sick.
It was a potion of cancellation.
You feel magically purged.
* * * LOW HITPOINT WARNING * * *
You feel sick. The scorpion stings you.
You die...

........#..'...........#
........#..#...........#
........#..#...........#
........#+##...........#
#'###............#######
....#............#
....#............#
...)#............#
#...#...........@#######
#..)##'###+######sh....#
...))........#..#l.....#
.............#..#......#
#...##..###.###........#
#...####################
...............#
...............#
##'####..###########


You could see a scorpion, a howler monkey (catching breath) and an iguana.

Vanquished Creatures
  A centaur (D:5)
  A howler monkey (D:4)
  An orc priest (D:4)
  A hound (D:4)
  Jessica (D:3)
  3 orc wizards (D:4)
  Terence (D:3)
  2 adders
  An ufetubus (D:4)
  A worm (D:2)
  A dart slug (D:4)
  6 orcs (D:4)
  4 bats
  8 endoplasms
  10 goblins
  9 hobgoblins
  3 quokkas
  2 ball pythons
  A frilled lizard (D:1)
  10 kobolds
  2 rats
69 creatures vanquished.

Notes
Turn   | Place    | Note
-------+----------+-------------------------------------------
     0 | D:1      | Descartes the Vine Stalker Monk began the quest for the
                  | Orb.
     0 | D:1      | Reached XP level 1. HP: 11/11 MP: 2/2
   461 | D:1      | Reached XP level 2. HP: 16/16 MP: 3/3
   666 | D:1      | Found a faded altar of an unknown god.
   687 | D:1      | Prayed at the altar of an unknown god.
   687 | D:1      | Became a worshipper of the Wu Jian Council
   687 | D:1      | Reached * piety under Wu Jian
   687 | D:1      | Reached ** piety under Wu Jian
  1176 | D:2      | Reached XP level 3. HP: 19/19 MP: 4/4
  1244 | D:2      | Reached *** piety under Wu Jian
  1904 | D:3      | Found Usaiggar's Weapon Shop.
  2209 | D:3      | Noticed Terence
  2215 | D:3      | Killed Terence
  2216 | D:3      | Gained mutation: Your natural rate of healing is unusually
                  | fast. [Vine Stalker growth]
  2216 | D:3      | Reached XP level 4. HP: 23/23 MP: 5/5
  2378 | D:3      | Noticed Jessica
  2385 | D:3      | Found a shimmering blue altar of Sif Muna.
  2403 | D:3      | Killed Jessica
  2646 | D:4      | Reached XP level 5. HP: 16/27 MP: 2/6
  2738 | D:4      | Reached skill level 5 in Short Blades
  2738 | D:4      | Reached skill level 5 in Stealth
  2738 | D:4      | Reached XP level 6. HP: 28/32 MP: 7/7
  2766 | D:4      | Found a hide-covered altar of Uskayaw.
  2974 | D:4      | Found a shadowy altar of Dithmenos.
  3064 | D:4      | Found a sparkling altar of Nemelex Xobeh.
  3345 | D:5      | Entered Level 5 of the Dungeon
  3380 | D:5      | Noticed Dowan
  3397 | D:4      | HP: 1/32 [poisoned by a scorpion]
  3398 | D:4      | Slain by a scorpion

Illustrated notes

Levels and vault maps discovered:
D:1:      kennysheep_arrival_forest, layout_basic,
          shapermc_ecumenical_altar_mp_highgroup, minmay_door_square,
          minmay_cupped
D:2:      layout_loops_ring
D:3:      wad_pebble_path, layout_basic, tgw_sif, serial_shops, shop_fountains,
          uniq_terence
D:4:      layout_gridville, nemelex_diamond_rough_becter,
          nicolae_overflow_crystal_walls, old_standard_altar, st_stairs_13
D:5:      layout_cave_pools, mainiacjoe_overflow_24_doors,
          minmay_temple_entry_antechambers, uniq_duvessa, uniq_menkaure

Skill      XL: |  1  2  3  4  5  6 |
---------------+-------------------+-----
Short Blades   | 3 4 5 |  5.4
Stealth        | 3 4 5 |  5.0
Fighting       | 3 |  3.2
Dodging        | 3 |  3.0

Action                   |  1- 3 |  4- 6 || total
-------------------------+-------+-------++-------
Melee: Short sword       |    62 |       ||    62
       Bite              |    12 |    12 ||    24
       Rapier            |    21 |    82 ||   103
       Punch             |       |     2 ||     2
Invok: Lunge             |     9 |    12 ||    21
       Whirlwind         |       |     3 ||     3
  Use: Potion            |       |     1 ||     1
 Stab: Sleeping          |    13 |     3 ||    16
       Distracted        |       |     1 ||     1
Armor: Robe              |    12 |    21 ||    33
Dodge: Dodged            |    38 |    40 ||    78
